 Dungeon Crawl Stone Soup version 0.16.0-16-g311141a (webtiles) character file.

79 Zapata the Cudgeler (level 4, -1/28 HPs)
             Began as a Kobold Berserker on Mar 19, 2015.
             Was a Believer of Trog.
             Slain by a hobgoblin
             ... wielding a +0 club
             ... led by Robin
              (6 damage)
             ... on level 2 of the Dungeon.
             The game lasted 00:02:49 (1622 turns).

Zapata the Cudgeler (Kobold Berserker)              Turns: 1622, Time: 00:02:49

Health: -1/28      AC:  2    Str: 15    XL:     4   Next: 64%
Magic:  2/4        EV: 15    Int:  5    God:    Trog [**....]
Gold:   69         SH:  0    Dex: 16    Spells: 0 memorised, 3 levels left

rFire  . . .     SeeInvis .     a - +0 mace
rCold  . . .     Clarity  .     b - +0 animal skin
rNeg   . . .     SustAb   .     (no shield)
rPois  .         Gourm    .     (no helmet)
rElec  .         Spirit   .     (no cloak)
rCorr  .         Warding  .     (no gloves)
rMut   .         Rnd*Tele +     (no boots)
MR     ++...                    (no amulet)
Stlth  +.........               (no ring)
                                d - ring of teleportation (curse)

@: exhausted, regenerating, slowed, very slow, very resistant to hostile
enchantments, very unstealthy
A: carnivore 3
a: Burn Spellbooks, Berserk, Trog's Hand, Renounce Religion, Evoke Teleportation


You were on level 2 of the Dungeon.
You worshipped Trog.
Trog was pleased with you.
You were not hungry.

You visited 1 branch of the dungeon, and saw 2 of its levels.

You collected 69 gold pieces.

Inventory:

Hand weapons
 a - a +0 mace (weapon)
Missiles
 g - 30 stones (quivered)
Armour
 b - a +0 animal skin (worn)
Jewellery
 d - a cursed ring of teleportation (left hand)
 h - an uncursed ring of sustain abilities {unknown}
Scrolls
 f - 2 scrolls of identify
 i - a scroll of remove curse {unknown}
Potions
 e - a potion of magic
Comestibles
 c - 2 meat rations


   Skills:
 - Level 3.2 Fighting
 + Level 5.0 Maces & Flails
 - Level 1.5 Armour
 - Level 2.4 Dodging


You had 3 spell levels left.
You didn't know any spells.

Dungeon Overview and Level Annotations

Branches:
Dungeon (2/15)

Altars:
Cheibriados


Innate Abilities, Weirdness & Mutations

You are small and have problems with some larger weapons.
You are carnivorous and can eat meat at any time.


Message History

The quokka is heavily wounded.
The quokka misses you. The quokka bites you.
* * * LOW HITPOINT WARNING * * *
Huge Dmg: -11%(-3hp) hp: 18%(5hp) Use which ability? (? or * to list)
Okay, then.
Drink which item? (? for menu, Esc to quit)
Okay, then.
Use which ability? (? or * to list)
Okay, then.
Use which ability? (? or * to list)
Your skin crawls.
You feel resistant to hostile enchantments.
You feel slightly more hungry.
The hobgoblin shouts!
The hobgoblin hits you with a club.
* * * LOW HITPOINT WARNING * * *
The quokka barely misses you. The hobgoblin barely misses you.
The hobgoblin hits you with a club.
You die...

#....### #...............######
##.### #...##..........########
#.# #...##.................. #.#
#...###.........######## #.#
##### ##......#..##..###
#.################.#.###......#
#.#.....##.....###.#.# ####..###
#....)..........##.#.#####..####
#.............r@.#.#..#.........
#....?........gg.#.##.#.##.###..
#................#.##.#.#......#
#................g........#.####
#................)).#..##...##..
#.................g##.....####.#
##...................gg.........
##................g.g.....#....
##.... ....#....##ggg.....)).


You could see a quokka, 4 hobgoblins and a goblin.

Vanquished Creatures
  Robin (D:2)
  An adder (D:2)
  A giant mite (D:2)
  A worm (D:2)
  A giant gecko (D:1)
  A ball python (D:2)
  6 bats
  2 giant cockroaches (D:2)
  10 goblins
  5 hobgoblins
  2 quokkas (D:2)
  3 giant newts
  2 jackals (D:2)
  3 kobolds
  4 rats
43 creatures vanquished.

Notes
Turn   | Place    | Note
--------------------------------------------------------------
     0 | D:1      | Zapata, the Kobold Berserker, began the quest for the Orb.
     0 | D:1      | Reached XP level 1. HP: 14/14 MP: 1/1
   150 | D:1      | Reached XP level 2. HP: 9/19 MP: 2/2
   750 | D:1      | Acquired Trog's second power
   888 | D:2      | Noticed Robin
   891 | D:2      | Reached skill level 4 in Maces & Flails
   891 | D:2      | Reached XP level 3. HP: 20/23 MP: 3/3
  1200 | D:2      | Reached XP level 4. HP: 28/28 MP: 4/4
  1234 | D:2      | HP: 1/28 [giant cockroach (2)]
  1544 | D:2      | Found a snail-covered altar of Cheibriados.
  1602 | D:2      | Killed Robin
  1602 | D:2      | Reached skill level 5 in Maces & Flails
  1622 | D:2      | Slain by a hobgoblin

Action                   |  1- 3 |  4- 6 || total
-------------------------+-------+-------++-------
Melee: Mace              |    78 |    35 ||   113
Invok: Berserk           |     2 |     1 ||     3
       Trog's Hand       |     1 |     1 ||     2
 Abil: Evoke Teleportati |       |     1 ||     1
  Use: Scroll            |     1 |       ||     1
       Potion            |       |     1 ||     1
  Eat: Chunk             |     6 |     2 ||     8
